Map: Snowbound Colony

Players

sam

  • Race: Zerg Zerg
  • League: Diamond
  • Spawn Location: 7:00

Anzo

  • Race: Protoss Protoss
  • League: Diamond
  • Spawn Location: 6:00

QCRepublic

  • Race: Zerg Zerg
  • League: Diamond
  • Spawn Location: 7:00

Throwfordays

  • Race: Protoss Protoss
  • League: Silver
  • Spawn Location: 12:00

Cthulhu

  • Race: Zerg Zerg
  • Spawn Location: 1:00

Faust

  • Race: Zerg Zerg
  • League: Diamond
  • Spawn Location: 1:00

VOD

Have the link to the VOD?

Description

Time

  • Played on: March 17, 2019, 9:05 p.m.
  • Length: 10:53
Show
View Real Time Build Order
Export as new Build Order

sam Zerg 

Build Orders: Hatch First 

Get SALT Encoding   

  12  0:02  Drone  
  13  0:12  Overlord  
  13  0:18  Drone  
  14  0:31  Drone x2  
  14  0:35  Drone  
  17  0:55  Hatchery  
  16  1:00  Drone  
  16  1:02  Drone  
  18  1:05  Extractor  
  17  1:20  Spawning Pool  
  16  1:31  Drone x3  
  19  1:43  Overlord  
  19  2:08  Queen x2  
  21  2:10  Zergling x6  
  21  2:13  Metabolic Boost  
  26  2:17  Drone  
  27  2:38  Baneling Nest, Drone x2  
  27  2:39  Drone x2  
  27  2:43  Overlord  
  30  2:51  Overlord  
  30  2:53  Zergling x2  
  31  2:59  Zergling x2  
  32  3:06  Zergling x2  
  33  3:14  Drone  
  33  3:16  Drone, Spine Crawler  
  33  3:19  Zergling x2, Spine Crawler  
  34  3:21  Baneling  
  34  3:22  Baneling  
  34  3:27  Drone  
  34  3:28  Drone  
  36  3:37  Zergling x4  
  36  3:38  Zergling x2  
  36  3:40  Zergling x2  
  40  3:53  Extractor, Drone  
  40  3:56  Drone  
  40  3:57  Roach Warren  
  40  3:58  Zergling x2  
  40  4:00  Zergling x2  
  42  4:09  Zergling x4  
  44  4:13  Drone x2  
  46  4:20  Baneling x4  
  46  4:21  Zergling x2  
  46  4:23  Zergling x2  
  45  4:52  Roach  
  45  4:53  Roach x3  
  45  4:54  Overlord x4  
  45  4:57  Drone  
  45  4:59  Drone  
  49  5:10  Roach  
  49  5:12  Roach  
  49  5:14  Roach x3  
  53  5:18  Roach  
  53  5:19  Drone  
  54  5:22  Roach  
  54  5:27  Drone x2  
  58  5:41  Lair  
  58  5:44  Drone x5  
  58  5:47  Extractor  
  58  5:49  Extractor  
  63  5:50  Roach  
  63  5:58  Drone x3  
  63  6:04  Evolution Chamber  
  65  6:05  Drone  
  65  6:06  Evolution Chamber  
  65  6:08  Drone  
  66  6:13  Drone x2  
  66  6:14  Drone  
  66  6:15  Drone  
  70  6:25  Roach x3  
  76  6:29  Zerg Missile Weapons Level 1  
  76  6:34  Zerg Ground Armor Level 1  
  76  6:36  Drone  
  76  6:38  Drone  
  78  6:44  Drone  
  81  6:54  Roach  
  81  6:56  Overseer  
  81  7:04  Overlord x2  
  81  7:06  Hatchery  
  80  7:53  Roach x10  
  80  7:56  Overlord x3  
  100  7:59  Pneumatized Carapace  
  100  8:03  Glial Reconstitution  
  100  8:06  Overlord  
  100  8:08  Overlord  
  100  8:20  Drone  
  100  8:22  Hydralisk Den  
  100  8:24  Drone  
  100  8:25  Drone x2  
  103  8:28  Queen  
  103  8:29  Drone x2  
  107  8:53  Hydralisk  
  107  8:54  Hydralisk x6  
  121  8:59  Grooved Spines  
  121  9:11  Drone  
  121  9:12  Drone x3  
  121  9:16  Extractor, Hydralisk x3  
  121  9:17  Hydralisk  
  126  9:18  Extractor  
  126  9:21  Hydralisk  
  133  9:31  Roach  
  133  9:32  Roach x3  
  133  9:35  Hydralisk  
  143  10:01  Roach  
  141  10:15  Roach x2  
  141  10:16  Roach  
  145  10:32  Zergling x2  
  145  10:33  Overlord  
  145  10:34  Overlord x9  
Show
View Real Time Build Order
Export as new Build Order

Anzo Protoss 

Build Orders:  

Get SALT Encoding   

  12  0:00  Probe  
  13  0:13  Probe  
  14  0:19  Pylon  
  14  0:26  Probe  
  15  0:36  Probe  
  15  0:40  Gateway  
  16  0:44  Probe  
  17  0:52  Probe  
  18  0:58  Assimilator  
  18  1:10  Probe  
  19  1:15  Gateway  
  19  1:18  Assimilator  
  19  1:22  Probe  
  20  1:39  Cybernetics Core  
  20  1:41  Pylon  
  20  1:44  Assimilator  
  19  1:57  Probe  
  20  2:06  Adept x2  
  22  2:17  Warp Gate  
  24  2:32  Nexus  
  24  2:37  Pylon  
  24  2:44  Probe  
  25  2:56  Probe  
  26  3:08  Probe  
  27  3:29  Adept  
  27  3:30  Adept  
  27  3:45  Probe  
  27  3:46  Probe  
  29  3:56  Robotics Facility  
  29  3:57  Forge, Probe  
  29  3:59  Assimilator  
  30  4:04  Shield Battery, Probe  
  30  4:06  Shield Battery, Probe  
  32  4:12  Probe  
  32  4:13  Protoss Ground Weapons Level 1  
  32  4:14  Probe  
  33  4:20  Probe  
  33  4:23  Probe  
  34  4:29  Robotics Facility  
  34  4:31  Assimilator  
  36  4:32  Probe  
  36  4:35  Probe  
  38  4:44  Probe  
  39  4:46  Photon Cannon  
  39  4:50  Observer  
  39  4:52  Probe  
  40  4:55  Probe  
  42  5:11  Probe, Immortal  
  47  5:16  Probe  
  47  5:18  Immortal  
  52  5:46  Probe  
  52  5:47  Probe  
  54  5:56  Protoss Ground Armor Level 1  
  52  6:18  Pylon  
  52  6:20  Pylon  
  52  6:26  Immortal x2  
  52  6:28  Nexus, Pylon  
  52  6:30  Pylon  
  52  6:39  Stalker  
  62  6:49  Stalker  
  64  6:57  Gateway  
  64  6:59  Gateway  
  64  7:06  Immortal x2  
  72  7:10  Probe  
  72  7:14  Probe  
  74  7:18  Probe  
  74  7:22  Photon Cannon  
  75  7:24  Stalker x2  
  75  7:26  Probe  
  80  7:35  Gateway  
  80  7:37  Gateway, Probe  
  80  7:40  Probe  
  80  7:41  Probe  
  83  7:55  Assimilator  
  83  7:56  Twilight Council  
  83  8:02  Assimilator, Gateway  
  83  8:04  Gateway  
  83  8:05  Pylon  
  83  8:09  Pylon, Protoss Ground Weapons Level 2  
  83  8:10  Pylon  
  83  8:11  Pylon  
  83  8:15  Gateway  
  83  8:20  Probe x3  
  86  8:32  Probe  
  87  8:45  Templar Archives  
  87  8:50  Gateway  
  87  8:54  Observer  
  88  8:56  Gateway  
  88  8:58  Gateway  
  88  9:03  Gateway  
  88  9:04  Warp Prism  
  90  9:31  Warp Prism  
  90  9:35  Probe x3  
  94  9:41  Pylon  
  94  9:45  Pylon  
  94  9:46  Pylon  
  94  10:10  High Templar  
  94  10:11  High Templar x12  
  120  10:16  Archon x3  
  120  10:17  Archon x3  
  116  10:46  High Templar x5  
  116  10:47  Zealot  
  116  10:48  Zealot x7  
  142  10:51  Archon x2  
Show
View Real Time Build Order
Export as new Build Order

QCRepublic Zerg 

Build Orders: 1 Base Baneling Bust, Pool First 

Get SALT Encoding   

  12  0:19  Spawning Pool  
  11  0:22  Extractor  
  11  0:25  Drone  
  11  0:30  Drone  
  12  0:36  Drone  
  13  0:46  Drone  
  14  0:52  Overlord  
  14  1:11  Zergling x4  
  16  1:20  Zergling x2  
  16  1:24  Queen  
  19  1:30  Zergling x2  
  20  1:41  Zergling x2  
  20  1:43  Metabolic Boost  
  21  1:52  Zergling x2  
  22  2:06  Baneling Nest, Overlord  
  20  2:38  Zergling x10  
  22  2:51  Zergling x2  
  23  3:00  Baneling x2  
  24  3:05  Drone  
  24  3:09  Drone  
  23  3:44  Baneling x4  
  23  3:46  Drone x5  
  23  3:47  Drone  
  29  4:05  Hatchery  
  23  4:38  Drone x4  
  24  4:39  Drone  
  24  4:40  Extractor  
  24  4:43  Spore Crawler  
  25  4:59  Drone, Spine Crawler  
  25  5:00  Drone  
  25  5:01  Lair  
  25  5:04  Drone  
  27  5:08  Roach Warren  
  26  5:18  Drone x4  
  26  5:19  Queen  
  32  5:40  Drone x2  
  32  5:42  Drone x2  
  36  5:44  Overlord x2  
  36  6:02  Zergling x2  
  36  6:03  Zergling x8  
  41  6:06  Glial Reconstitution  
  41  6:10  Centrifical Hooks  
  41  6:30  Drone x2  
  41  6:31  Drone x3  
  46  6:34  Extractor  
  46  6:35  Extractor  
  46  6:36  Hatchery  
  42  6:54  Zergling x10  
  43  6:55  Zergling x8  
  43  7:00  Overlord  
  43  7:01  Overlord  
  50  7:07  Baneling x3  
  50  7:08  Baneling x4  
  50  7:10  Zergling x2  
  51  7:18  Drone x3  
  51  7:22  Drone x2  
  56  7:31  Baneling x5  
  56  7:35  Drone x3  
  56  7:37  Drone  
  60  7:38  Drone x2  
  60  7:39  Drone  
  63  7:46  Evolution Chamber  
  63  7:48  Evolution Chamber  
  61  7:51  Drone  
  61  7:52  Evolution Chamber  
  61  7:53  Drone  
  62  8:00  Drone  
  63  8:06  Queen, Drone x2  
  67  8:17  Drone  
  67  8:18  Drone x5  
  73  8:29  Zerg Melee Weapons Level 1  
  73  8:31  Zerg Ground Armor Level 1  
  73  8:32  Zerg Missile Weapons Level 1  
  73  8:39  Overlord x2  
  73  8:57  Queen  
  74  9:09  Zergling x10  
  79  9:10  Zergling x12  
  79  9:11  Zergling x2  
  79  9:12  Baneling x4  
  79  9:13  Baneling x7  
  86  9:22  Extractor, Overlord  
  86  9:24  Extractor  
  73  10:06  Zergling x12  
  73  10:07  Zergling x12  
  80  10:08  Zergling x10  
Show
View Real Time Build Order
Export as new Build Order

Throwfordays Protoss 

Build Orders: Nexus First 

Get SALT Encoding   

  1  0:00  Probe  
  12  0:06  Probe  
  14  0:14  Probe  
  15  0:35  Pylon  
  15  0:54  Nexus  
  15  0:56  Probe  
  16  1:09  Probe  
  17  1:13  Gateway  
  17  1:27  Assimilator  
  17  1:35  Forge  
  17  1:48  Gateway  
  17  1:52  Pylon  
  17  1:56  Probe  
  18  2:02  Zealot  
  18  2:05  Probe  
  21  2:09  Probe  
  21  2:13  Probe  
  22  2:21  Probe x2  
  24  2:25  Photon Cannon  
  25  2:34  Zealot  
  27  2:40  Photon Cannon  
  27  2:47  Probe  
  28  3:00  Probe  
  28  3:02  Photon Cannon  
  27  3:12  Probe  
  23  3:24  Probe  
  23  3:26  Probe  
  23  3:34  Probe  
  24  3:36  Probe  
  24  3:38  Zealot  
  24  3:39  Pylon  
  28  3:41  Zealot  
  28  3:43  Probe  
  28  3:48  Probe  
  32  3:51  Probe  
  33  3:56  Probe  
  33  4:01  Probe  
  34  4:04  Probe  
  36  4:13  Probe  
  36  4:14  Probe  
  38  4:22  Cybernetics Core  
  38  4:25  Probe  
  38  4:26  Probe  
  38  4:31  Photon Cannon  
  40  4:33  Zealot x2  
  40  4:34  Photon Cannon  
  40  4:37  Probe  
  45  4:39  Probe  
  44  4:49  Warp Gate  
  44  4:53  Assimilator  
  44  4:57  Gateway  
  44  4:58  Pylon  
  42  5:03  Adept x2  
  46  5:13  Gateway  
  46  5:21  Photon Cannon  
  46  5:24  Probe  
  46  5:27  Assimilator  
  46  5:36  Probe  
  46  5:39  Nexus  
  46  5:41  Pylon  
  46  5:48  Probe  
  47  5:50  Pylon  
  47  5:59  Adept x2  
  47  6:00  Adept  
  47  6:01  Pylon  
  55  6:09  Protoss Ground Weapons Level 1  
  54  6:15  Probe  
  53  6:26  Forge  
  53  6:27  Probe  
  53  6:31  Assimilator  
  54  6:34  Pylon  
  54  6:46  Adept x3  
  60  6:54  Probe  
  60  6:55  Probe  
  60  7:00  Protoss Ground Armor Level 1  
  62  7:03  Photon Cannon, Probe  
  62  7:06  Probe  
  64  7:08  Photon Cannon  
  64  7:12  Photon Cannon, Probe  
  64  7:15  Photon Cannon  
  65  7:18  Twilight Council, Probe  
  65  7:20  Pylon, Photon Cannon  
  65  7:22  Probe  
  67  7:30  Probe  
  67  7:31  Probe  
  67  7:35  Assimilator  
  69  7:39  Assimilator, Probe x2  
  71  7:44  Resonating Glaives  
  71  7:47  Probe  
  71  7:51  Probe  
  72  7:56  Protoss Air Weapons Level 1  
  73  8:02  Probe  
  73  8:03  Protoss Shields Level 1  
  73  8:04  Forge  
  74  8:10  Probe  
  74  8:13  Probe  
  74  8:18  Probe  
  76  8:25  Probe  
  78  8:28  Photon Cannon  
  78  8:29  Probe  
  78  8:31  Photon Cannon  
  79  8:34  Photon Cannon  
  79  8:38  Photon Cannon, Probe  
  80  8:41  Probe  
  81  8:50  Probe  
  82  9:02  Stargate, Probe  
  83  9:04  Stargate  
  83  9:06  Stargate  
  83  9:08  Stargate  
  83  9:11  Cybernetics Core  
  83  9:24  Nexus  
  83  9:26  Pylon  
  83  9:29  Pylon  
  83  9:45  Fleet Beacon  
  83  9:52  Void Ray x2  
  90  10:12  Adept x3  
  90  10:13  Adept  
  95  10:39  Pylon  
Show
View Real Time Build Order
Export as new Build Order

Cthulhu Zerg 

Build Orders: Pool First 

Get SALT Encoding   

  12  0:03  Drone  
  13  0:18  Drone  
  13  0:19  Overlord  
  14  0:23  Extractor  
  14  0:24  Drone  
  15  0:42  Spawning Pool  
  14  0:46  Drone  
  14  0:47  Extractor  
  14  0:55  Drone  
  14  0:57  Drone  
  16  1:12  Drone  
  16  1:14  Drone  
  18  1:35  Queen, Drone  
  21  1:40  Extractor  
  20  1:49  Roach Warren  
  20  1:53  Drone x2  
  21  2:36  Drone, Overlord  
  22  2:39  Hatchery  
  21  2:54  Queen  
  23  3:02  Drone x3  
  26  3:15  Roach  
  23  3:44  Drone, Overlord  
  24  3:50  Lair  
  24  3:53  Metabolic Boost, Drone  
  25  3:56  Drone  
  25  3:59  Drone  
  27  4:13  Spine Crawler  
  26  4:29  Spine Crawler, Roach  
  26  4:30  Roach x4  
  35  4:58  Roach  
  35  4:59  Roach x3  
  43  5:01  Drone, Overlord  
  44  5:09  Spine Crawler  
  39  5:23  Zergling x4  
  39  5:24  Zergling x6  
  44  5:35  Ravager x2  
  46  6:03  Drone x3  
  48  6:30  Spine Crawler  
  48  6:31  Spine Crawler  
  46  6:34  Spine Crawler x2  
  46  6:38  Roach x4  
  46  6:39  Overlord  
  52  6:51  Glial Reconstitution  
  52  7:00  Infestation Pit  
  51  7:06  Drone, Evolution Chamber  
  51  7:07  Evolution Chamber  
  48  7:09  Drone  
  49  7:30  Overseer  
  50  7:51  Drone x3  
  50  7:52  Drone x2  
  55  7:58  Hive  
  54  8:06  Zerg Ground Armor Level 1  
  54  8:13  Zerg Missile Weapons Level 1  
  54  8:27  Roach x2  
  54  8:29  Overlord  
  58  8:49  Drone  
  58  8:50  Drone x5  
  64  9:15  Infestor  
  66  9:17  Overlord x3  
  66  9:28  Zergling x2  
  41  10:02  Zergling x2  
  41  10:03  Zergling x10  
Show
View Real Time Build Order
Export as new Build Order

Faust Zerg 

Build Orders: Hatch First 

Get SALT Encoding   

  12  0:01  Drone  
  13  0:09  Drone  
  14  0:15  Extractor  
  14  0:16  Drone  
  15  0:23  Overlord  
  15  0:42  Drone x2  
  17  0:55  Hatchery  
  16  0:59  Drone  
  17  1:14  Spawning Pool  
  17  1:16  Drone  
  17  1:19  Extractor  
  17  1:21  Drone  
  17  1:25  Drone  
  18  1:29  Drone  
  19  1:38  Overlord  
  19  2:04  Zergling x4  
  19  2:05  Queen  
  19  2:07  Queen  
  25  2:09  Zergling x2  
  26  2:22  Zergling x4  
  25  2:26  Zergling x2  
  26  2:34  Zergling x4  
  28  2:39  Zergling x2  
  25  2:56  Drone x3  
  28  3:17  Zergling x4  
  28  3:18  Zergling x4  
  28  3:19  Metabolic Boost  
  29  3:31  Zergling x10  
  27  3:46  Drone  
  27  3:47  Drone x3  
  18  4:25  Drone x5  
  18  4:26  Drone  
  23  4:32  Drone  
  15  4:53  Baneling Nest  
  9  5:12  Drone x2  
  8  5:36  Drone  
  8  5:38  Drone  
  10  5:44  Drone  
  11  5:51  Drone  
  12  6:04  Drone x2  
  13  6:06  Drone  
  15  6:12  Drone  
  15  6:15  Drone  
  17  6:22  Drone  
  18  6:26  Drone  
  18  6:29  Drone  
  18  6:31  Drone  
  21  6:35  Drone  
  22  6:42  Drone x2  
  24  6:56  Drone x2  
  24  6:57  Queen  
  24  7:00  Drone  
  29  7:04  Overlord  
  29  7:15  Overlord  
  29  7:23  Drone  
  29  7:24  Drone  
  29  7:25  Queen  
  33  7:32  Zergling x2  
  33  7:33  Zergling x2  
  35  7:39  Hatchery  
  35  7:43  Lair  
  34  7:45  Drone  
  34  7:47  Drone  
  34  7:49  Drone  
  37  7:52  Baneling x3  
  37  7:53  Baneling  
  37  7:56  Drone  
  38  7:58  Overlord  
  38  8:05  Queen  
  40  8:08  Drone  
  41  8:16  Drone x2  
  41  8:17  Drone  
  41  8:18  Drone x2  
  46  8:22  Extractor  
  46  8:24  Drone  
  46  8:42  Extractor, Drone x3  
  46  8:43  Extractor, Drone x2  
  46  8:47  Drone x2  
  51  8:51  Overseer  
  51  8:54  Drone  
  52  8:56  Drone, Hydralisk Den  
  52  9:00  Drone  
  52  9:01  Drone x2, Roach Warren  
  54  9:10  Drone x3  
  54  9:14  Overlord  
  54  9:16  Overlord  
  57  9:18  Hatchery  
  57  9:20  Infestation Pit  
  57  9:22  Drone  
  57  9:23  Drone  
  57  9:33  Drone, Overlord  
  58  9:52  Drone  
  59  9:56  Drone  
  60  10:00  Extractor x2, Drone x3  
  60  10:01  Drone x2  
  60  10:03  Drone  
  64  10:12  Lurker Den  
Tags
 
Add a new tag
Caveats
  • Supply blocks, unpowered buildings, or Contaminate may cause inaccurate times.
  • Supply counts are checked every 10 seconds.